 Dungeon Crawl Stone Soup version 0.27-a0-650-g8dd3ea4f36 (webtiles) character file.

Game seed: 14760409023932659094

656 rednaxela the Stinger (level 7, -1/55 HPs)
             Began as a Naga Venom Mage on Mar 15, 2021.
             Slain by a centaur (8 damage)
             ... on level 5 of the Dungeon.
             The game lasted 00:18:55 (5058 turns).

rednaxela the Stinger (Naga Venom Mage)             Turns: 5058, Time: 00:18:56

Health: -1/55      AC:  4    Str: 11    XL:     7   Next: 55%
Magic:  5/13       EV:  9    Int: 17    God:
Gold:   171        SH:  0    Dex: 11    Spells: 2/15 levels left

rFire    . . .     SeeInvis +   s - +2 trident (vamp)
rCold    . . .     Faith    .   (no shield)
rNeg     . . .     Spirit   .   a - +0 robe
rPois    +         Reflect  .   A - +0 helmet
rElec    .         Harm     .   (no cloak)
rCorr    .         Rampage  .   (no gloves)
Will     .....                  (no barding)
Stlth    ++........             (no amulet)
HPRegen  0.18/turn              (no ring)
MPRegen  0.13/turn              (no ring)

@: very slightly contaminated, very slow
A: AC +2, large, see invisible, deformed body, poison resistance, slowness 2,
spit poison 1, naga tail 1
a: Spit Poison


You were on level 5 of the Dungeon.
You visited 1 branch of the dungeon, and saw 5 of its levels.

You collected 171 gold pieces.

Inventory:

Hand Weapons
 s - a +2 vampiric trident (weapon)
   (You took it off an orc on level 3 of the Dungeon)
 w - a +1 hand axe of flaming
   (You took it off an orc on level 3 of the Dungeon)
Missiles
 f - 96 stones
 k - 45 arrows
 m - 2 throwing nets {!f}
Armour
 a - a +0 robe (worn)
 b - a +0 scale mail
   (You found it on level 2 of the Dungeon)
 g - a +0 ring mail
   (You found it on level 2 of the Dungeon)
 o - a +0 buckler
   (You found it on level 2 of the Dungeon)
 t - a +0 leather armour
   (You found it on level 3 of the Dungeon)
 A - a +0 helmet (worn)
   (You took it off Robin on level 4 of the Dungeon)
Wands
 y - a wand of polymorph (7)
   (You took it off Ijyb on level 4 of the Dungeon)
Scrolls
 d - 8 scrolls of identify {unknown}
 e - a scroll of blinking {unknown}
 h - a scroll of fear {!r}
 j - 3 scrolls of enchant armour {unknown}
 l - a scroll of enchant weapon {unknown}
 r - a scroll of amnesia {unknown}
 x - 3 scrolls of teleportation {unknown}
Potions
 c - a potion of lignification {@q5}
 i - a potion of curing {@q1 !q}
 n - a potion of brilliance {unknown}
 p - a potion of mutation {unknown}
 q - a potion of degeneration {unknown}
 u - a potion of experience {unknown}
 v - a potion of flight
 z - a potion of heal wounds {unknown}
 B - a potion of ambrosia {unknown}


   Skills:
 - Level 1.5 Dodging
 - Level 3.0 Stealth
 - Level 4.5 Spellcasting
 + Level 2.0 Conjurations
 + Level 2.4 Transmutations
 + Level 2.1 Fire Magic
 + Level 2.0 Air Magic
 - Level 7.1 Poison Magic


You had 2 spell levels left.
You knew the following spells:

 Your Spells              Type           Power      Damage    Failure   Level
a - Sting                 Tmut/Pois      80%        1d7       1%          1
b - Poisonous Vapours     Pois/Air       38%        N/A       3%          2
m - Mephitic Cloud        Conj/Pois/Air  16%        N/A       10%         3
x - Ignite Poison         Fire/Tmut/Pois 17%        N/A       9%          3
z - Olgreb's Toxic Radia  Pois           28%        N/A       8%          4

Your spell library contained the following spells:

 Spells                   Type           Power      Damage    Failure   Level


Dungeon Overview and Level Annotations

Branches:
Dungeon (5/15)
 Temple: D:4-7

Altars:
Nemelex Xobeh
Ru
Uskayaw

Annotations:
D:4 !harpy, Pikel


Innate Abilities, Weirdness & Mutations

Your serpentine skin is tough. (AC +2)
You have supernaturally acute eyesight. (SInv)
Armour fits poorly on your strangely shaped body.
Your system is resistant to poisons. (rPois)
You cover ground very slowly.
You can spit poison.
You have a snake-like lower body.


Message History

Pikel claws you!
* * * LOW HITPOINT WARNING * * *
Pikel barely misses you.
Really read
h - 2 scrolls of fear {!r}?
As you read the scroll of fear {!r}, it crumbles to dust.
You assume a fearsome visage.
Pikel looks frightened!
Your toxic aura wanes.
You climb downwards.
There is a stone staircase leading up here.
Annotate which branch? (. - D:5, ? - help, ! - show branch list)
What level of the Dungeon? 4 New annotation for D:4 (include '!' for warning): harpy Unknown command.
You start resting.
Magic restored.
An adder comes into view.
An adder is nearby!
Casting: Olgreb's Toxic Radiance (dangerous; 8% risk of failure)
Confirm with . or Enter, or press ? or * to list all spells.
Aiming: Poisonous Vapours (safe; 3% risk of failure)
Press: ? - help, Dir - move target, f - adder
Aim: an adder (wandering, hasn't noticed you)
You miscast Poisonous Vapours.
You are very lightly contaminated with residual magic.
Nothing appears to happen.
The adder hisses angrily.
Casting: Poisonous Vapours (safe; 3% risk of failure)
Confirm with . or Enter, or press ? or * to list all spells.
Aiming: Poisonous Vapours (safe; 3% risk of failure)
Press: ? - help, Dir - move target, f/p - adder
Aim: an adder Poisonous vapours surround the adder!
The adder is engulfed in poison gas.
The adder is poisoned.
You puncture the adder!
You feel better.
You kill the adder!
Your Conjurations skill increases to level 2!
You see here an adder corpse.
Found a stone staircase leading down.
k - 45 arrows (gained 22)
Things that are here:
a +0 shortbow; a centaur skeleton Your magical contamination has completely faded away.
Search for what [Enter for "armor", or ? for help]?
Okay, then.
Annotate which branch? (. - D:5, ? - help, ! - show branch list)
What level of the Dungeon? 4 Current level annotation: harpy New annotation for D:4 (include '!' for warning): !harpy Unknown command.
You start resting.
Magic restored.
A centaur comes into view.
The centaur shouts!
The centaur wields a +0 shortbow.
The centaur shoots an arrow.
The arrow barely misses you.
Found 14 gold pieces.
The centaur shoots an arrow.
The arrow hits you!
The centaur shoots an arrow.
The arrow hits you.
The centaur shoots an arrow.
The arrow hits you!
* * * LOW HITPOINT WARNING * * *
Found a viscous white potion.
The centaur shoots an arrow.
The arrow hits you!
* * * LOW HITPOINT WARNING * * *
Found 4 gold pieces and 9 stones.
Casting: Poisonous Vapours (safe; 3% risk of failure)
Confirm with . or Enter, or press ? or * to list all spells.
Aiming: Mephitic Cloud (dangerous; 10% risk of failure)
Press: ? - help, Shift-Dir - straight line, f - centaur
Aim: a centaur, wielding a +0 shortbow and quivering arrows (chance to affect: 81%)
You miscast Mephitic Cloud.
You are very lightly contaminated with residual magic.
Nothing appears to happen.
The centaur shoots an arrow.
The arrow hits you!
* * * LOW HITPOINT WARNING * * *
Casting: Mephitic Cloud (dangerous; 10% risk of failure)
Confirm with . or Enter, or press ? or * to list all spells.
Aiming: Mephitic Cloud (dangerous; 10% risk of failure)
Press: ? - help, Shift-Dir - straight line, f/p - centaur
Aim: a centaur, wielding a +0 shortbow and quivering arrows (chance to affect: 81%)
The ball explodes into a vile cloud!
The stinking cloud engulfs the centaur but does no damage.
You hear an angry hiss.
The centaur is engulfed in noxious fumes.
The centaur appears confused.
The centaur is engulfed in noxious fumes.
The centaur appears confused.
The centaur is engulfed in noxious fumes.
The centaur chortles and stares into space.
You hit the centaur.
You feel better.
The centaur is lightly wounded.
The centaur unwields a +0 shortbow.
The centaur hits you.
* * * LOW HITPOINT WARNING * * *
A leopard gecko comes into view.
Casting: Mephitic Cloud (dangerous; 10% risk of failure)
Confirm with . or Enter, or press ? or * to list all spells.
Aiming: Poisonous Vapours (safe; 3% risk of failure)
Press: ? - help, Dir - move target, f/p - centaur
Aim: a centaur, quivering arrows (lightly wounded, confused) Poisonous vapours surround the centaur!
The centaur is engulfed in poison gas.
The centaur is poisoned.
The centaur hits you!
You die...

#...# #.<.# ..# #.†.##
### .(# #.)..###.#
.$!# #........# ...#
............# ....
............## #..#
....#........#####...#
.........####..c@.#
.......#.# ###°###
.......#># .°...
##..#..#.. .........
.........c...
.............
...........$.
.l...........


You could see a centaur (confused, poisoned) and a leopard gecko.

Vanquished Creatures
  An ice beast (D:5)
  A centaur (D:5)
  3 lemures (D:4)
  A howler monkey (D:4)
  3 orc priests (D:3)
  Ijyb (D:4)
  3 orc wizards (D:3)
  A worker ant (D:4)
  Robin (D:4)
  3 gnolls (D:3)
  4 adders
  An ooze (D:1)
  7 worms
  4 dart slugs
  2 leopard geckos (D:1)
  11 orcs
  5 giant cockroaches
  16 goblins
  15 hobgoblins
  15 jackals
  7 kobolds
  A quokka (D:3)
  A ball python (D:1)
  12 bats
  8 frilled lizards
  4 rats
131 creatures vanquished.

Notes
Turn   | Place    | Note
-------+----------+-------------------------------------------
     0 | D:1      | rednaxela the Naga Venom Mage began the quest for the Orb.
     0 | D:1      | Reached XP level 1. HP: 15/15 MP: 3/3
   161 | D:2      | Found a sacrificial altar of Ru.
   185 | D:2      | Reached XP level 2. HP: 22/22 MP: 0/5
   468 | D:2      | Learned a level 2 spell: Poisonous Vapours
   725 | D:1      | Reached XP level 3. HP: 21/28 MP: 2/7
   925 | D:1      | Reached skill level 5 in Poison Magic
  1258 | D:1      | Reached skill level 3 in Spellcasting
  1680 | D:2      | Reached XP level 4. HP: 30/36 MP: 4/8
  1684 | D:2      | Learned a level 3 spell: Mephitic Cloud
  2539 | D:3      | You fall into a shaft and drop 1 floor!
  2625 | D:3      | Learned a level 4 spell: Olgreb's Toxic Radiance
  2682 | D:3      | Found a hide-covered altar of Uskayaw.
  2703 | D:3      | Reached skill level 6 in Poison Magic
  2703 | D:3      | Reached XP level 5. HP: 40/42 MP: 3/10
  2843 | D:3      | Reached skill level 4 in Spellcasting
  3077 | D:3      | Reached XP level 6. HP: 43/49 MP: 5/12
  3084 | D:3      | Reached skill level 7 in Poison Magic
  3250 | D:3      | Found a sparkling altar of Nemelex Xobeh.
  3474 | D:3      | Learned a level 3 spell: Ignite Poison
  4048 | D:4      | Reached skill level 1 in Conjurations
  4048 | D:4      | Reached skill level 1 in Fire Magic
  4048 | D:4      | Reached skill level 1 in Air Magic
  4052 | D:4      | Noticed Ijyb
  4057 | D:4      | Killed Ijyb
  4058 | D:4      | Reached XP level 7. HP: 54/55 MP: 2/13
  4255 | D:4      | Noticed Robin
  4501 | D:4      | Killed Robin
  4585 | D:4      | Noticed Pikel
  4597 | D:4      | Noticed Pikel
  4597 | D:4      | Pikel changed into Pikel the harpy
  4604 | D:5      | Entered Level 5 of the Dungeon
  4611 | D:5      | Reached skill level 2 in Transmutations
  4627 | D:5      | Reached skill level 2 in Fire Magic
  4627 | D:5      | Reached skill level 2 in Air Magic
  5013 | D:5      | Reached skill level 2 in Conjurations
  5058 | D:5      | Slain by a centaur

Illustrated notes

Levels and vault maps discovered:
D:1:      lemuel_arrival_cross, layout_rooms, minmay_distorted
D:2:      layout_basic, lemuel_crystal_altar
D:3:      layout_rooms, old_standard_altar,
          nicolae_uskayaw_murder_on_the_dancefloor
D:4:      minmay_chambers_of_twos, layout_basic, elyvilon_altar_3, uniq_pikel,
          uniq_robin, uniq_ijyb
D:5:      layout_rooms, kennysheep_little_box, nicolae_wu_jian_wuxing_cycle,
          gammafunk_ghost_mausoleum, serial_shops, shop_statue,
          minmay_joined_circles

Skill      XL: |  1  2  3  4  5  6  7 |
---------------+----------------------+-----
Poison Magic   | 5 6 7 |  7.1
Spellcasting   | 3 4 |  4.5
Conjurations   | 1 2 |  2.0
Fire Magic     | 1 2 |  2.1
Air Magic      | 1 2 |  2.0
Transmutations | 2 |  2.4
Dodging        | |  1.5
Stealth        | |  3.0

Action                   |  1- 3 |  4- 6 |  7- 9 || total
-------------------------+-------+-------+-------++-------
Melee: Unarmed           |    16 |     3 |       ||    19
       Trident           |       |     4 |    27 ||    31
 Cast: Sting             |    43 |    37 |     5 ||    85
       Poisonous Vapours |    19 |    38 |     9 ||    66
       Olgreb's Toxic Ra |       |    10 |     6 ||    16
       Ignite Poison     |       |     4 |     3 ||     7
       Mephitic Cloud    |       |       |     1 ||     1
 Abil: Spit Poison       |     4 |    18 |     3 ||    25
Evoke: Wand              |       |       |     2 ||     2
  Use: Potion            |       |       |     3 ||     3
       Scroll            |       |       |     2 ||     2
 Stab: Sleeping          |     1 |       |       ||     1
Armor: Robe              |    17 |    12 |     2 ||    31
       Skin              |       |       |    14 ||    14
Dodge: Dodged            |    25 |    28 |    15 ||    68

Table legend: (Time is in decaauts)
 A = Elapsed time spent in this place.
 B = Non-inter-level travel time spent in this place.
 C = Inter-level travel time spent in this place.
 D = Time resting spent in this place.
 E = Time spent auto-exploring this place.
 F = Levels seen in this place.
 G = Mean time per level.
                   A        B        C        D        E       F      G
               +--------+--------+--------+--------+--------+-----+--------+
         Total |   5844 |   5766 |     78 |   1539 |   2638 |   5 | 1168.8 |
       Dungeon |   5844 |   5766 |     78 |   1539 |   2638 |   5 | 1168.8 |
               +--------+--------+--------+--------+--------+-----+--------+

Top non-repeatable levels by time:
     D:2: 1730 daAuts
     D:3: 1575 daAuts
     D:1: 1320 daAuts
     D:4: 756 daAuts
     D:5: 461 daAuts
